Map: Automne céruléen EC

Players

Barik

  • Race: Zerg Zerg
  • League: Gold
  • Spawn Location: 7:00

NoR - Winner!

  • Race: Protoss Protoss
  • League: Gold
  • Spawn Location: 1:00

VOD

Have the link to the VOD?

Description

Game de noob mais game "fun" et pour une fois je ne voulais pas lâcher le morceau saloperie de cheeser :D

Time

  • Played on: Dec. 15, 2018, 5:10 p.m.
  • Length: 27:26
Show
View Real Time Build Order
Export as new Build Order

Barik Zerg 

Build Orders: Pool First 

Get SALT Encoding   

  12  0:02  Drone  
  13  0:10  Drone  
  13  0:13  Extractor  
  13  0:16  Drone  
  15  0:23  Overlord  
  15  0:39  Spawning Pool  
  15  0:41  Drone  
  15  0:46  Drone  
  16  0:50  Drone  
  16  0:54  Extractor  
  16  0:56  Drone  
  17  1:07  Drone  
  18  1:18  Drone  
  19  1:26  Queen  
  19  1:29  Overlord  
  21  1:40  Drone  
  22  1:59  Hatchery  
  21  2:07  Drone x2  
  23  2:20  Drone, Roach Warren  
  23  2:44  Zergling x2  
  23  2:45  Zergling x8  
  28  2:54  Evolution Chamber  
  28  2:56  Drone  
  28  3:11  Queen  
  30  3:18  Spine Crawler  
  30  3:19  Spine Crawler  
  28  3:20  Spine Crawler  
  28  3:22  Roach  
  28  3:25  Zerg Melee Weapons Level 1  
  29  3:34  Metabolic Boost  
  29  3:44  Ravager  
  29  3:47  Roach x3  
  36  4:37  Overlord  
  36  4:38  Overlord x2  
  32  4:53  Ravager x2  
  30  5:38  Roach x4  
  30  5:39  Roach x2  
  42  6:04  Ravager  
  29  7:04  Ravager x2  
  31  7:14  Zergling x12  
  34  7:16  Zergling x6  
  37  7:31  Roach  
  37  7:33  Roach  
  41  8:32  Lair  
  41  8:36  Extractor  
  40  8:50  Roach x3  
  40  8:53  Extractor  
  40  8:54  Hatchery  
  44  8:57  Drone x5  
  44  8:58  Drone x2  
  51  9:26  Spore Crawler x3  
  51  9:27  Spore Crawler x2  
  51  9:28  Spore Crawler  
  45  9:31  Spore Crawler  
  42  9:48  Ravager x2  
  42  9:50  Roach  
  42  9:51  Roach x2  
  50  9:53  Roach  
  52  10:13  Overseer  
  49  10:31  Overlord  
  49  10:33  Queen  
  51  10:47  Ravager  
  52  10:54  Drone  
  52  10:55  Drone x2  
  55  11:00  Drone x4  
  55  11:01  Drone x2  
  55  11:03  Queen  
  63  11:09  Queen  
  65  11:14  Ravager  
  66  11:28  Overlord  
  66  11:31  Overlord  
  66  11:39  Queen  
  68  11:45  Queen  
  65  12:15  Pneumatized Carapace  
  65  12:20  Queen  
  55  12:32  Ravager x4  
  40  13:05  Drone x3  
  42  13:06  Drone x3  
  46  13:15  Drone  
  46  13:16  Drone x2, Extractor  
  44  13:22  Hydralisk Den, Zerg Missile Weapons Level 1  
  44  13:26  Queen  
  42  13:36  Roach  
  44  13:41  Drone x2  
  44  13:42  Drone  
  44  13:46  Drone x2  
  49  13:54  Spire  
  48  13:57  Hydralisk  
  50  14:08  Drone, Spine Crawler  
  50  14:09  Drone x2, Spine Crawler x2  
  50  14:10  Spine Crawler  
  50  14:11  Spine Crawler  
  48  14:19  Spore Crawler  
  48  14:21  Spore Crawler  
  46  14:26  Hydralisk x3  
  46  14:27  Spore Crawler, Hydralisk  
  46  14:29  Hydralisk x3  
  59  14:32  Spore Crawler  
  58  14:54  Hydralisk  
  58  14:55  Hydralisk x2  
  64  15:00  Hydralisk x3  
  70  15:08  Baneling Nest, Roach  
  70  15:10  Zergling x8  
  75  15:16  Zerg Melee Weapons Level 2  
  75  15:21  Drone  
  75  15:23  Drone x2  
  78  15:47  Baneling Nest  
  78  15:49  Roach  
  81  15:50  Roach  
  81  16:07  Mutalisk  
  83  16:16  Baneling x4  
  83  16:18  Baneling  
  82  16:56  Roach  
  82  16:58  Overlord x5  
  82  16:59  Overlord  
  84  17:18  Centrifical Hooks  
  84  17:31  Zerg Missile Weapons Level 2  
  84  17:46  Extractor  
  84  17:49  Hatchery  
  82  17:52  Drone x3  
  82  17:53  Drone  
  82  17:54  Drone x4  
  90  18:11  Drone  
  91  18:13  Infestation Pit  
  91  18:19  Extractor  
  89  18:20  Zergling x6  
  92  18:46  Corruptor x2  
  96  19:02  Overseer  
  96  19:07  Baneling  
  96  19:08  Baneling x5  
  96  19:11  Zergling x10  
  101  19:19  Drone x3  
  104  19:46  Overlord  
  104  19:47  Overlord  
  104  19:48  Zerg Ground Armor Level 1  
  104  20:13  Corruptor x7  
  118  20:30  Baneling x10  
  118  20:31  Baneling x3  
  118  21:04  Hive  
  118  21:10  Zerg Flyer Weapons Level 1  
  118  21:13  Lurker Den  
  118  21:16  Spire  
  116  21:21  Neural Parasite  
  116  21:23  Infestor  
  118  21:59  Corruptor x2  
  118  22:00  Corruptor  
  118  22:01  Corruptor  
  126  22:12  Drone x2  
  126  22:13  Drone  
  129  22:31  Extractor, Hatchery  
  129  22:32  Greater Spire  
  129  22:33  Corruptor x2  
  129  22:36  Extractor  
  130  22:40  Pathogen Glands  
  130  22:58  Burrow  
  130  23:03  Overlord  
  130  23:04  Zerg Flyer Armor Level 1  
  130  23:06  Overlord  
  130  23:12  Zergling x10  
  135  23:13  Zergling x6  
  138  23:25  Corruptor  
  138  23:26  Mutalisk x3  
  146  23:29  Mutalisk  
  61  23:59  Brood Lord x3  
  63  24:16  Brood Lord  
  47  25:05  Drone x3  
  50  25:10  Drone  
  51  25:38  Drone  
  48  26:34  Brood Lord  
  48  26:38  Brood Lord  
  52  26:43  Drone x2  
  54  26:49  Drone  
Show
View Real Time Build Order
Export as new Build Order

NoR Protoss - Winner!

Build Orders:  

Get SALT Encoding   

  12  0:01  Probe  
  13  0:13  Probe  
  14  0:22  Pylon  
  14  0:25  Probe  
  15  0:40  Probe  
  16  0:51  Gateway  
  16  0:53  Probe  
  17  1:05  Probe  
  18  1:16  Forge  
  18  1:24  Gateway  
  18  1:27  Probe  
  19  1:33  Assimilator  
  19  1:35  Probe  
  19  1:37  Assimilator  
  20  1:59  Cybernetics Core  
  20  2:03  Photon Cannon  
  20  2:10  Pylon  
  20  2:22  Zealot  
  22  2:23  Probe  
  23  2:31  Probe  
  24  2:39  Probe  
  25  2:46  Pylon  
  25  2:48  Pylon  
  25  2:50  Probe  
  26  3:06  Photon Cannon  
  26  3:11  Photon Cannon  
  26  3:12  Probe  
  27  3:14  Photon Cannon  
  27  3:24  Probe  
  27  3:25  Pylon  
  28  3:31  Stalker  
  30  4:02  Probe  
  31  4:12  Nexus  
  31  4:14  Probe, Stalker  
  32  4:50  Photon Cannon  
  32  4:59  Robotics Facility  
  32  5:06  Pylon  
  32  5:08  Pylon  
  32  5:40  Immortal  
  32  5:43  Gateway  
  32  5:44  Gateway  
  32  5:56  Shield Battery  
  36  5:58  Shield Battery  
  34  7:18  Stalker x2  
  38  7:26  Pylon  
  38  7:27  Pylon  
  38  7:31  Forge  
  38  7:35  Gateway  
  38  7:39  Gateway  
  38  7:46  Stargate  
  38  7:51  Pylon  
  38  7:55  Gateway  
  38  7:58  Pylon  
  38  8:09  Gateway  
  38  8:21  Void Ray  
  38  8:25  Photon Cannon x2  
  41  8:40  Cybernetics Core  
  41  9:03  Void Ray  
  45  9:45  Warp Gate  
  41  9:58  Stalker  
  43  10:00  Stalker x3  
  49  10:12  Robotics Facility  
  49  10:19  Shield Battery x2  
  49  10:46  Protoss Ground Weapons Level 1  
  49  11:02  Immortal  
  53  11:48  Immortal  
  53  11:54  Stalker x2  
  53  11:55  Stalker x3  
  52  13:36  Immortal  
  52  13:39  Probe  
  53  13:43  Stalker x3  
  53  13:44  Stalker x2  
  67  13:50  Protoss Ground Armor Level 1  
  67  13:51  Probe  
  68  14:03  Probe  
  69  14:15  Probe  
  70  14:28  Observer  
  71  15:48  Nexus  
  71  15:54  Assimilator  
  71  15:56  Assimilator  
  71  15:59  Pylon  
  71  16:03  Pylon  
  69  17:18  Nexus  
  69  17:20  Pylon  
  69  17:24  Pylon  
  70  17:44  Probe x2  
  71  17:55  Photon Cannon  
  71  17:56  Photon Cannon, Probe x2  
  73  18:01  Gateway x2  
  73  18:09  Gateway  
  73  18:25  Void Ray  
  77  18:34  Probe  
  77  18:35  Probe x2  
  80  18:46  Probe  
  80  18:47  Probe x2  
  83  18:58  Twilight Council  
  83  19:05  Stalker  
  83  19:06  Stalker x3  
  83  19:08  Probe  
  92  19:10  Probe  
  92  19:12  Probe  
  94  19:40  Stalker x2  
  94  19:41  Stalker x3  
  94  19:43  Zealot x3  
  94  19:44  Protoss Ground Weapons Level 2  
  110  19:50  Templar Archives  
  110  19:52  Charge  
  110  20:12  Probe x3  
  113  20:19  Assimilator  
  113  20:24  Assimilator, Probe x2  
  115  20:29  High Templar x2, Immortal  
  115  20:30  High Templar x5  
  115  20:31  High Templar  
  115  20:35  Archon x2  
  131  20:36  Archon x2  
  135  20:46  Psionic Storm  
  135  21:03  High Templar x2  
  139  21:04  High Templar  
  141  21:13  Pylon  
  141  21:15  Pylon  
  141  21:20  Pylon  
  141  21:21  Pylon  
  141  21:22  Pylon  
  141  21:31  Warp Prism  
  143  21:34  High Templar  
  143  21:35  High Templar  
  143  21:38  High Templar  
  149  21:40  Zealot x5  
  149  21:43  Archon  
  149  21:44  Archon x2  
  159  21:53  Pylon  
  159  21:55  Pylon  
  159  21:57  Pylon  
  159  22:07  Observer  
  160  22:09  Zealot x4  
  160  22:10  Zealot x4  
  176  22:20  Gateway  
  176  22:25  Gateway  
  176  22:27  Gateway  
  176  22:31  Gateway  
  176  22:32  Zealot x4  
  176  22:33  Zealot x2  
  188  23:06  Nexus  
  188  23:09  Pylon  
  188  23:10  Pylon  
  188  23:11  Pylon  
  188  23:14  Assimilator  
  134  24:03  Zealot x2  
  134  24:04  Zealot x10  
  140  24:59  Stalker x3  
  146  25:00  Stalker x2  
  146  25:01  Stalker  
  146  25:02  Stalker x3  
  146  25:03  Stalker x2  
  162  25:08  Probe x4  
  166  25:20  Probe  
  167  25:22  Probe x3  
  167  25:24  Observer  
  167  25:28  High Templar x2  
  173  25:29  High Templar  
  173  25:30  High Templar x4  
  173  25:31  High Templar x3  
  173  25:32  High Templar, Probe  
  173  25:34  High Templar  
  196  25:36  Archon  
  196  25:37  Archon x4  
  196  25:38  Archon  
  196  25:48  Warp Prism  
  198  26:16  Nexus  
  198  26:19  Photon Cannon  
  198  26:20  Photon Cannon  
  198  26:25  Stalker  
Tags
 
Add a new tag
Caveats
  • Supply blocks, unpowered buildings, or Contaminate may cause inaccurate times.
  • Supply counts are checked every 10 seconds.